Croesus, chaotic male elven Ranger a : ----- a ....| --+-- h |<..| i |..... oo ood.@+ | o o |[..| ----- Croesus the Lookout Experience level: 5 Strength: 15 Dexterity: 10 Constitution: 15 Intelligence: 13 Wisdom: 15 Charisma: 9 Health: 0(37) Energy: 36(36) Def: 6 Gold: 932 Moves: 3477 Dungeon seed: plNTFci9g2JsHBec Game ID: Croesus_1604870149 Your Inventory: Amulets H - an uncursed amulet of ESP (being worn) Weapons d - an uncursed +1 elven dagger (alternate weapon; not wielded) e - an uncursed +1 elven bow (weapon in hand) q - a cursed -1 orcish dagger w - an uncursed +0 dagger J - a blessed +0 knife L - 54 uncursed +2 elven arrows N - 38 uncursed +0 elven arrows X - 27 uncursed +0 arrows (in quiver) Armor b - an uncursed +2 elven cloak (being worn) n - an uncursed +1 orcish helm (being worn) E - an uncursed +0 helmet Y - an uncursed +0 pair of kicking boots (being worn) Comestibles f - 5 uncursed lembas wafers v - 5 uncursed food rations F - an uncursed pancake Scrolls g - an uncursed scroll of remove curse h - a cursed scroll of amnesia z - an uncursed scroll of identify A - an uncursed scroll of destroy armor Potions u - an uncursed potion of sickness D - an uncursed potion of enlightenment Wands y - an uncursed wand of slow monster (0:3) G - an uncursed wand of slow monster (0:8) Tools B - an uncursed blindfold Gems r - an uncursed worthless piece of blue glass Coins $ - 932 gold pieces Spells and supernatural/magical abilities: Name Level Category Cost Memory W - pray for help -- divine ? -- Your skills at the end: Fighting Skills wands [Basic] Weapon Skills dagger [Basic] bow [Basic] Spellcasting Skills Final Attributes: You were piously aligned. You were immune to sleep. You were blinded. You saw invisible. You were strongly telepathic. You had automatic searching. You had infravision. You were stealthy. Mars was slightly pleased with you. You are dead. Vanquished creatures: a small mimic 2 leprechauns a blue jelly a rock piercer 2 ponies a giant ant a floating eye a dwarf 3 hill orcs 2 rothes 2 giant bats a monkey an iguana 2 acid blobs 5 coyotes 2 large kobolds 2 hobgoblins a giant rat a cave spider a brown mold a yellow mold a green mold a gnome 2 geckos 6 jackals 2 foxes 2 kobolds 2 goblins 3 sewer rats a grid bug 2 lichens 5 newts 61 creatures vanquished. Voluntary challenges: You used a wielded weapon 22 times, starting on turn 292. You were illiterate. You never genocided any monsters. You never polymorphed an object. You never changed form. You used no wishes. You never split a pudding. You never wrote Elbereth's name. You never violated your personal moral code. Dungeon overview: The Dungeons of Doom: levels 1 to 8 Level 1 an altar to Mars a long staircase Level 2 an altar to Mercury, a fountain, a vault stairs to The Gnomish Mines Level 3 a potion shop, a sink Level 4 Level 5 a vault Level 6 some fountains, a vault Level 7 many fountains Level 8 <- You were here The Gnomish Mines: Level 3 stairs to The Dungeons of Doom History has recorded: On T:1 you entered the Dungeons of Doom to retrieve the Amulet of Yendor! On T:53 you reached level 2 of The Dungeons of Doom. On T:595 you advanced to experience level 2. On T:661 you reached level 3 of The Dungeons of Doom. On T:959 you reached level 1 of The Gnomish Mines. On T:1172 you advanced to experience level 3. On T:1326 you reached level 4 of The Dungeons of Doom. On T:1624 you advanced to experience level 4. On T:1703 you reached level 5 of The Dungeons of Doom. On T:2342 you reached level 6 of The Dungeons of Doom. On T:2819 you reached level 7 of The Dungeons of Doom. On T:3248 you advanced to experience level 5. On T:3269 you reached level 8 of The Dungeons of Doom. Score breakdown: Gold: 932 (10102 points) Experience: 5 levels (11141 points) Exploration: 8 levels ( 17.78%) (11965 points) Discoveries: 2 items ( 0.68%) ( 2470 points) Valuables value: (no points given unless you survive) Artifact value: 0 ( 0 points) Variety of kills: 32 monsters ( 8.42%) ( 8705 points) Turncount: 3477 turns ( -817 points) Survival: died (score multiplied by 80%) Total score: 34852 Latest messages: You see here a statue of a female plains centaur. You see here a statue of a female forest centaur. Nowhere else around here can be automatically explored. The door resists! The door opens. Never mind. Nowhere else around here can be automatically explored. Where do you want to travel to? You hear bubbling water. There must be a fountain on the level. The Mordor orc misses Sirius. The Mordor orc can see again. Something is burning your lungs! You cough and spit blood! Something is burning your lungs! You cough and spit blood! Something is burning your lungs! You cough and spit blood! The door resists! You hear some noises nearby. Something is burning your lungs! You cough and spit blood! You die... Final status: Goodbye Croesus the Ranger, killed by a gas cloud... You died in The Dungeons of Doom on dungeon level 8 with 34852 points, and 932 pieces of gold, after 3477 moves. You were level 5 with a maximum of 37 hit points when you died.